 Dungeon Crawl Stone Soup version 0.18-a0-1126-ga2d7f46 (webtiles) character file.

433 truemonolith the Slicer (level 7, 0/46 HPs)
             Began as a Halfling Fighter on Jan 20, 2016.
             Slain by an ogre
             ... wielding a +0 giant club
              (18 damage)
             ... on level 4 of the Dungeon.
             The game lasted 00:07:35 (2970 turns).

truemonolith the Slicer (Halfling Fighter)          Turns: 2970, Time: 00:07:35

Health: 0/46       AC:  7    Str: 18    XL:     7   Next: 20%
Magic:  7/7        EV:  8    Int:  7    God:
Gold:   176        SH:  9    Dex: 14    Spells: 0 memorised, 6 levels left

rFire  . . .     SeeInvis .     a - +0 rapier
rCold  . . .     Gourm    .     b - +0 scale mail
rNeg   . . .     Faith    .     c - +0 shield
rPois  .         Spirit   .     (no helmet)
rElec  .         Dismiss  .     r - +0 cloak
rCorr  .         Reflect  .     (no gloves)
SustAt .         Harm     .     (no boots)
MR     .....                    (no amulet)
Stlth  ..........               (no ring)
                                (no ring)

@: drained, not resistant to hostile enchantments, extremely unstealthy
A: mutation resistance 1
a: no special abilities


You were on level 4 of the Dungeon.
You were not hungry.

You visited 1 branch of the dungeon, and saw 4 of its levels.

You collected 176 gold pieces.

Inventory:

Hand Weapons
 a - a +0 rapier (weapon)
Armour
 b - a +0 scale mail (worn)
 c - a +0 shield (worn)
 r - a +0 cloak (worn)
Jewellery
 n - an uncursed ring of sustain attributes {unknown}
 s - an uncursed amulet of harm {unknown}
Scrolls
 g - 2 scrolls of remove curse {unknown}
 h - 8 scrolls of identify {unknown}
 p - a scroll of fear {unknown}
Potions
 d - 2 potions of lignification {unknown}
 e - a potion of mutation {unknown}
 i - a potion of flight {unknown}
 j - 2 potions of invisibility {unknown}
 l - 3 potions of curing {unknown}
 m - a potion of poison {unknown}
Comestibles
 f - 3 bread rations
 k - a slice of pizza
 o - a royal jelly
 q - 3 fruits


   Skills:
 + Level 3.3(3.1) Fighting
 - Level 9.1(8.8) Short Blades
 - Level 3.2(3.0) Armour
 - Level 3.2(3.0) Shields


You had 6 spell levels left.
You didn't know any spells.

Dungeon Overview and Level Annotations

Branches:
Dungeon (4/15)
 Temple: D:4-7

Altars:
Gozag


Innate Abilities, Weirdness & Mutations

You are small and have problems with some larger weapons.
You are somewhat resistant to further mutation.


Message History

The ogre hits you with a giant club! The adder bites you but does no damage.
You hit the adder.
You kill the adder!
You block the ogre's attack. You block the ogre's attack.
You hit the ogre but do no damage. You hit the ogre.
The ogre is lightly wounded.
You block the ogre's attack.
You puncture the ogre!
The ogre is heavily wounded.
You hit the ogre.
The ogre is heavily wounded.
The ogre hits you with a giant club!
You hit the ogre.
The ogre is heavily wounded.
You hit the ogre but do no damage.
The ogre is heavily wounded.
The ogre hits you with a giant club!!
You die...

....# ....#
.... ...#
...# ...
###.####..
#<@.......
#...O.####.#
#.......#
#.###.### #.
.# #. .# #
.# .#


You could see an ogre.

Vanquished Creatures
  Sigmund (D:1)
  An ogre (D:3)
  A giant frog skeleton (D:3)
  Terence (D:2)
  Robin (D:2)
  A gnoll (D:1)
  5 adders
  2 oozes
  A worm (D:2)
  2 giant geckos
  2 orcs (D:3)
  4 giant cockroaches
  11 goblins
  9 hobgoblins
  2 jackals (D:4)
  3 quokkas
  A ball python (D:1)
  6 bats
  4 giant newts
  12 kobolds
  9 rats
79 creatures vanquished.

Notes
Turn   | Place    | Note
--------------------------------------------------------------
     0 | D:1      | truemonolith the Halfling Fighter began the quest for the Orb.
     0 | D:1      | Reached XP level 1. HP: 15/15 MP: 1/1
   139 | D:1      | Reached XP level 2. HP: 20/20 MP: 2/2
   629 | D:1      | Reached skill level 4 in Short Blades
   835 | D:1      | Reached XP level 3. HP: 23/25 MP: 3/3
   955 | D:2      | Reached skill level 5 in Short Blades
  1138 | D:2      | Noticed Sigmund
  1182 | D:1      | Killed Sigmund
  1182 | D:1      | Reached skill level 7 in Short Blades
  1182 | D:1      | Reached XP level 4. HP: 13/30 MP: 4/4
  1182 | D:1      | Reached XP level 5. HP: 15/35 MP: 5/5
  1441 | D:2      | Noticed Robin
  1447 | D:2      | Noticed Terence
  1451 | D:2      | Reached XP level 6. HP: 30/41 MP: 6/6
  1456 | D:2      | Killed Robin
  1492 | D:2      | Killed Terence
  1492 | D:2      | Reached skill level 8 in Short Blades
  2124 | D:3      | Found an opulent altar of Gozag.
  2250 | D:3      | Noticed an ogre
  2265 | D:3      | Killed an ogre
  2265 | D:3      | Reached skill level 9 in Short Blades
  2265 | D:3      | Reached XP level 7. HP: 24/45 MP: 7/7
  2970 | D:4      | Slain by an ogre

Vault maps used:
D:1:      ncdulo_lavacross, minmay_fountain_box
D:2:      first_bread, uniq_terence, uniq_sigmund, uniq_robin
D:3:      nicolae_gozag_seed_capital
D:4:      old_forge, nicolae_dithmenos_shadow_blocks, okawaru_ov_weapons_minmay,
          fedhas_altar_2, serial_shops, shop, dk_rats_in_the_wall,
          uniq_eustachio

Action                   |  1- 3 |  4- 6 |  7- 9 || total
-------------------------+-------+-------+-------++-------
Melee: Rapier            |   107 |   147 |    86 ||   340
  Use: Potion            |     1 |       |       ||     1
  Eat: Bread ration      |       |     1 |     1 ||     2
